 Dungeon Crawl Stone Soup version 0.21.1-1-g345015f (webtiles) character file.

357182 inc the Tortoise (level 21, -22/160 HPs)
             Began as a Demonspawn Monk on June 9, 2018.
             Was the Champion of Okawaru.
             Annihilated by a fire giant
             ... wielding a +1 great sword of flaming
              (26 damage)
             ... on level 5 of the Vaults.
             The game lasted 01:55:40 (43011 turns).

inc the Tortoise (Demonspawn Monk)                 Turns: 43011, Time: 01:55:41

Health: -22/160    AC: 25    Str: 29    XL:     21   Next: 41%
Magic:  0/46       EV: 29    Int: 16    God:    Okawaru [******]
Gold:   4462       SH:  7    Dex: 17    Spells: 20/20 levels left

rFire    + . .     SeeInvis .   Q - +5 demon whip (vamp)
rCold    + + +     Gourm    .   d - +0 buckler
rNeg     + . .     Faith    .   B - +8 ring mail of Somewhere Else {rC+ MP+9 Int-2}
rPois    +         Spirit   +   L - +1 helmet
rElec    +         Reflect  .   V - +0 cloak of Tartarus {rPois rC+ rN+ Str-2}
rCorr    .         Harm     .   y - +2 pair of gloves {archery}
MR       ++...                  (boots unavailable)
Stlth    +++.......             q - amulet of guardian spirit
HPRegen  0.36/turn              m - ring of Autumn {rElec rF+ Str+4 Stlth-}
MPRegen  0.30/turn              Z - ring of Wikloac {rC+ MR+ MP+9 Str+2 Int+4}

@: mighty, marked, repel missiles
A: claws 1, hooves 3, repulsion field 3, cold resistance 1, frail 1,
nightstalker 3, screaming 1, spiny 3, strong 1, evolution 1
}: 2/15 runes: decaying, gossamer
a: Heroism, Finesse, Renounce Religion


You were on level 5 of the Vaults.
You worshipped Okawaru.
Okawaru was exalted by your worship.
You were hungry.

You visited 6 branches of the dungeon, and saw 36 of its levels.
You visited the Abyss 1 time.
You also visited: Sewer and Wizlab.

You collected 4597 gold pieces.
You spent 135 gold pieces at shops.

Inventory:

Hand Weapons
 F - a +6 demon whip of electrocution
 O - the +9 dire flail of the Vaults {flame, rPois MR+}
   (Okawaru gifted it to you on level 8 of the Dungeon)

   It has been specially enchanted to burn those struck by it, causing extra
   injury to most foes and up to half again as much damage against particularly
   susceptible opponents.
   It protects you from poison.
   It affects your resistance to hostile enchantments.
 Q - a +5 vampiric demon whip (weapon)
Armour
 d - a +0 buckler (worn)
 w - a +1 cloak of poison resistance
 y - a +2 pair of gloves of archery (worn)
 z - a scarf of cloud immunity
 B - the +8 ring mail of Somewhere Else (worn) {rC+ MP+9 Int-2}
   (You found it on level 5 of the Dungeon)

   It affects your intelligence (-2).
   It protects you from cold.
   It affects your magic capacity (+9).
 L - a +1 helmet (worn)
 R - a +2 shield
 V - the +0 cloak of Tartarus (worn) {rPois rC+ rN+ Str-2}
   (Okawaru gifted it to you on level 2 of the Orcish Mines)

   It affects your strength (-2).
   It protects you from cold.
   It protects you from poison.
   It protects you from negative energy.
Jewellery
 a - an uncursed ring of protection from fire
 b - an uncursed ring of resist corrosion
 m - the ring of Autumn (left hand) {rElec rF+ Str+4 Stlth-}
   (You acquired it on level 1 of the Swamp)

   [ring of strength]

   It affects your strength (+4).
   It protects you from fire.
   It insulates you from electricity.
   It makes you less stealthy.
 q - an amulet of guardian spirit (around neck)
 v - an uncursed ring of wizardry
 x - an uncursed ring of protection from cold
 S - the ring of Amninkeo {rN++ Str+5}
   (You found it on level 9 of the Dungeon)

   [ring of strength]

   It affects your strength (+5).
   It greatly protects you from negative energy.
 T - an uncursed ring of protection from cold
 Z - the ring of Wikloac (right hand) {rC+ MR+ MP+9 Str+2 Int+4}
   (You found it in a wizard's laboratory)

   [ring of strength]

   It affects your strength (+2).
   It affects your intelligence (+4).
   It protects you from cold.
   It affects your resistance to hostile enchantments.
   It affects your magic capacity (+9).
Wands
 f - a wand of digging (15)
Scrolls
 g - 13 scrolls of amnesia
 l - 5 scrolls of fear
 n - 6 scrolls of fog
 o - 15 scrolls of remove curse
 r - 19 scrolls of teleportation
 s - a scroll of magic mapping
 E - 8 scrolls of enchant armour
 K - a scroll of brand weapon
 M - 16 scrolls of identify
 P - 4 scrolls of summoning
Potions
 e - 2 potions of magic
 h - 21 potions of mutation
 j - 2 potions of cancellation
 k - 9 potions of ambrosia
 p - 7 potions of brilliance
 A - 17 potions of curing
 D - 6 potions of agility
 G - 2 potions of flight
 I - a potion of invisibility
 W - a potion of haste
Books
 i - a book of the Tempests

   Spells                             Type                      Level
   a - Static Discharge               Conjuration/Air              3
   b - Lightning Bolt                 Conjuration/Air              5
   c - Ignition                       Fire                         8
   d - Tornado                        Air                          9
   e - Shatter                        Earth                        9
 t - Cigotuvi's Volume of Dark Transmigration
   (You found it in a wizard's laboratory)

   Spells                             Type                      Level
   a - Corpse Rot                     Necromancy                   2
   b - Petrify                        Transmutation/Earth          4
   c - Excruciating Wounds            Charms/Necromancy            5
   d - Alistair's Intoxication        Transmutation/Poison         5
   e - Death Channel                  Necromancy                   6
Comestibles
 c - 42 rations


   Skills:
 + Level 18.5 Fighting
 - Level 12.7 Maces & Flails
 - Level 18.5 Armour
 - Level 18.1 Dodging
 - Level 1.7 Stealth
 - Level 11.0 Shields
 - Level 10.2 Invocations


You had 20 spell levels left.
You didn't know any spells.

Dungeon Overview and Level Annotations

Branches:
Dungeon (15/15)            Temple (0/1) D:5            Lair (6/6) D:9
  Swamp (4/4) Lair:2       Spider (4/4) Lair:4          Orc (2/2) D:11
    Elf (0/3) Orc:2        Vaults (5/5) D:14          Crypt (0/3) Vaults:2
 Depths (0/5) D:15
  Slime: Lair:5-6

Altars:
Makhleb
Nemelex Xobeh
Okawaru
Trog
Xom
Yredelemnul
Beogh

Shops:
D:4 *   D:9 =   D:14 *   Orc:2 [}*?   Vaults:3 (*   Vaults:4 [

Portals:
Hell: Lair:6
Pandemonium: Orc:2

Annotations:
Lair:5 exclusion: 3 oklob plants
Spider:2 exclusion: Roxanne, Roxanne


Innate Abilities, Weirdness & Mutations

You have hooves in place of feet.
You are surrounded by a strong repulsion field. (EV +4, RMsl)
Your flesh is cold resistant. (rC+)
You are completely attuned to the shadows.
You are completely covered in sharp spines.
You have sharp fingernails.
You are frail. (-10% HP)
You occasionally shout uncontrollably at your foes.
Your muscles are strong. (Str +2)
You evolve.


Message History

The titan is lightly wounded.
A titan opens the door.
The deep elf demonologist mumbles some strange words.
A deep elf archer opens the door.
The vault warden activates a sealing rune.
The doors slam shut!
A phantasmal warrior opens the door.
You whack the titan! You kick the titan.
The titan is moderately wounded.
The vault warden activates a sealing rune.
A door slams shut!
The deep troll shaman calls upon its god to speed up something.
The vault sentinel blows a loud note on a signal horn!
The titan is struck by your spines. The titan hits you!!
* * * LOW HITPOINT WARNING * * *
The stone giant completely misses you. The iron dragon bites you!
* * * LOW HITPOINT WARNING * * *
The iron dragon completely misses you. The iron dragon barely misses you.
The fire giant is struck by your spines.
The fire giant hits you with a great sword of flaming!!
You die...

,,**,,,,,,,,,,***,,.....p..##C...
,,**,,,,,,,,,,,*,,,$.......##4e..
,,***,,,,,,,,,,+,,,......$###....
,,* ***,,,,,,+###+,....|### *,,,,
,,* ****,,,#|..*,.§#### *,,,, ,,*
*#+##...*#+## *,,,, ,,*
***#...#...#p4.#*** *,,,, ,,*
###[.....+###+Ce..,,*** *,,,,
,,*##}......epOC@CWe..,,,,***,,,,
,,*#....(...eOe#DCT...,,,,,**,,,,
,,*#........†e###pp...,,,,,**,,,,
,,*#*.....).i$# #:.T..,,,,,**,,,,
,,*#.(§p(e)..## *#...,,,,,,**,,,,
,,#+#.)..)).}# *,,,,,,,,#+#....
,,*,###....### ***,,,,*##.#....
,,,,,.'##### *****+........
,,,,*##*****************###......


You could see an iron dragon, 2 titans, a fire giant, a stone giant, a vault
warden, a death knight, 2 deep elf annihilators, a two-headed ogre, an ogre
mage, a deep troll, a deep elf demonologist, a vault sentinel, 2 deep elf
archers, a phantasmal warrior, a deep troll shaman, an ice devil, a deep elf
mage and a spriggan.

Vanquished Creatures
  Margery (Vaults:3)
  the Lernaean hydra (Swamp:4)
  A golden dragon (Vaults:5)
  A mutant beast (WizLab)
  A bone dragon (Vaults:2)
  Jorgrun (Swamp:2)
  Rupert (D:15)
  2 tentacled monstrosities (Vaults:5)
  2 liches
  3 titans (Vaults:5)
  A quicksilver dragon (Vaults:5)
  Asterion (Spider:1)
  Kirke (D:13)
  3 sphinxes (Vaults:5)
  3 thorn hunters
  2 storm dragons
  3 tengu reavers (Vaults:5)
  Donald (Swamp:2)
  2 shadow dragons (Vaults:5)
  13 vault wardens
  5 ghost moths
  A fire giant (Vaults:5)
  2 emperor scorpions (Spider:4)
  A frost giant (Vaults:5)
  Aizul (Vaults:4)
  2 deep elf sorcerers
  A ghoul (Vaults:5)
  12 ironheart preservers
  A deep elf elementalist (Vaults:5)
  9 very ugly things
  A war gargoyle (Vaults:5)
  6 stone giants
  Nessos (D:13)
  3 deep elf demonologists (Vaults:5)
  2 deep elf annihilators (Vaults:5)
  A dire elephant (Lair:6)
  3 spark wasps
  6 ettins
  3 fire dragons
  Josephine (Spider:1)
  11 yaktaur captains
  2 great orbs of eyes
  3 deep elf high priests (Vaults:5)
  41 vault guards
  Harold (Lair:2)
  A ghost crab (Swamp:4)
  3 rakshasas
  18 hydras
  7 centaur warriors
  A catoblepas (D:15)
  3 ice dragons
  16 alligators
  3 death knights
  A hell beast (Lair:6)
  Erica (Orc:1)
  A dancing weapon (Vaults:4)
  17 two-headed ogres
  4 ogre magi
  A deep troll shaman (Vaults:4)
  2 deep troll earth magi
  Nergalle (Orc:1)
  2 thrashing horrors (Abyss:3)
  6 orc high priests (Orc:2)
  6 hell knights (Vaults:3)
  Urug (D:15)
  A soul eater (Orc:2)
  7 deep elf knights
  A shadow wraith (Vaults:3)
  An iron golem (WizLab)
  2 skeletal warriors
  A fire crab (shapeshifter) (WizLab)
  A spriggan druid (Swamp:4)
  4 unseen horrors
  15 deep trolls
  2 glowing orange brains
  A flayed ghost (Vaults:2)
  2 deep trolls (shapeshifter)
  An obsidian statue (Vaults:3)
  An infernal demonspawn (Orc:2)
  A torturous demonspawn (Orc:2)
  3 shambling mangroves
  3 wizards
  3 necromancers
  16 swamp dragons
  A sphinx zombie (Vaults:1)
  9 deep elf archers
  10 ironbrand convokers
  A wolf spider zombie (D:15)
  Pikel (D:7)
  4 harpies (Vaults:1)
  17 orb spiders
  2 phantasmal warriors (Vaults:5)
  7 orc sorcerers
  8 orc knights
  37 wolf spiders
  A manticore (shapeshifter) (Vaults:5)
  13 deep elf magi
  A stone giant zombie (Abyss:3)
  20 ugly things
  A cyclops (shapeshifter) (WizLab)
  2 manticores (D:14)
  A black mamba (shapeshifter) (WizLab)
  14 vault sentinels
  7 elephants (Lair:6)
  2 eyes of devastation (shapeshifter)
  11 cyclopes
  A smoke demon (Lair:6)
  Joseph (D:7)
  2 gargoyles
  5 orange demons
  A torpor snail (Spider:1)
  2 spiny frogs (shapeshifter)
  4 black mambas
  14 spiny frogs
  4 freezing wraiths
  18 yaktaurs
  3 rime drakes
  An efreet (D:15)
  5 komodo dragons
  2 starcursed masses (Abyss:3)
  3 kobold demonologists
  A rime drake (shapeshifter) (WizLab)
  16 demonic crawlers
  3 yaktaurs (shapeshifter)
  A hellwing (Orc:2)
  A komodo dragon (shapeshifter) (WizLab)
  An ice devil (Lair:6)
  A redback zombie (D:14)
  A red devil (Lair:6)
  3 polar bears
  An ancient zyme (Abyss:3)
  40 jumping spiders
  3 trolls (shapeshifter) (WizLab)
  3 meliai (D:13)
  8 trolls
  8 tyrant leeches
  2 wind drakes (shapeshifter) (WizLab)
  A meliai (shapeshifter) (WizLab)
  A hornet (shapeshifter) (WizLab)
  5 bog bodies
  24 blink frogs
  2 harpy skeletons (D:14)
  14 hornets
  Prince Ribbit (D:6)
  A raiju (Abyss:3)
  9 large abominations
  An ettin zombie (Vaults:1)
  9 hippogriffs
  2 blink frogs (shapeshifter) (WizLab)
  31 slime creatures
  A snapping turtle (shapeshifter) (WizLab)
  A hippogriff (shapeshifter) (Vaults:3)
  18 dream sheep
  3 spriggans
  47 redbacks
  A vampire (D:15)
  A water elemental (D:12)
  6 wraiths
  26 tarantellas
  A shadow (Swamp:3)
  51 yaks
  2 ynoxinuls (Orc:2)
  A spriggan (shapeshifter) (WizLab)
  4 hogs (D:13)
  A human (shapeshifter) (WizLab)
  4 basilisks
  7 small abominations
  A basilisk (shapeshifter) (D:14)
  2 hungry ghosts
  A chaos spawn (Orc:2)
  A golden eye (shapeshifter) (WizLab)
  Menkaure (D:6)
  8 vampire mosquitoes
  A soldier ant (shapeshifter) (WizLab)
  2 wargs (shapeshifter) (WizLab)
  16 insubstantial wisps
  5 wargs
  4 acid dragons
  16 swamp worms
  An ogre zombie (Vaults:1)
  2 soldier ants
  11 water moccasins
  5 hell hounds
  4 floating eyes (WizLab)
  An ogre skeleton (Vaults:1)
  A black bear (D:10)
  5 porcupines
  12 swamp drakes
  36 orc warriors
  A sky beast (shapeshifter) (WizLab)
  A black bear (shapeshifter) (D:14)
  4 ice beasts
  17 ogres
  An eye of draining (D:14)
  An orc zombie (Vaults:1)
  3 sky beasts
  14 wolves
  12 centaurs
  An elf zombie (Vaults:1)
  3 phantoms
  A boggart (Vaults:1)
  A human skeleton (Vaults:1)
  14 crocodiles
  4 big kobolds
  18 bullfrogs
  2 wyvern skeletons
  2 scorpions
  3 killer bees (D:13)
  4 howler monkeys
  5 wights (D:10)
  10 electric eels
  2 bullfrog zombies
  12 crimson imps
  7 jellies
  A quasit (D:11)
  4 centaur zombies
  A human simulacrum (Vaults:1)
  33 orc priests
  9 hounds
  A bullfrog skeleton (D:10)
  5 centaur skeletons
  A gnoll shaman (D:6)
  25 orc wizards
  5 iguanas
  8 worker ants
  A hound skeleton (D:11)
  6 adders
  7 gnolls
  A howler monkey skeleton (D:6)
  4 shadow imps
  2 white imps
  6 oozes
  2 adder zombies (D:5)
  2 adder skeletons (D:7)
  3 worms
  A worm (shapeshifter) (Vaults:1)
  A dart slug (D:2)
  6 leopard geckos
  91 orcs
  4 ball pythons
  A bat (shapeshifter) (Vaults:5)
  9 giant cockroaches
  6 goblins
  8 hobgoblins
  2 jackals (D:1)
  4 quokkas
  9 bats
  5 frilled lizards
  25 kobolds
  17 rats
  A plant (Lair:3)
1526 creatures vanquished.

Vanquished Creatures (collateral kills)
  A tentacled monstrosity (Vaults:5)
  A sphinx (Vaults:5)
  A tengu reaver (Vaults:5)
  A war gargoyle (Vaults:5)
  A two-headed ogre (Vaults:5)
5 creatures vanquished.

Vanquished Creatures (others)
  A titan (Vaults:5)
  An ironheart preserver (Vaults:5)
  A very ugly thing (Vaults:3)
  A hydra (Swamp:3)
  A tyrant leech (Swamp:3)
  A swamp worm (Swamp:2)
  2 insubstantial wisps (Swamp:2)
  2 boggarts (Vaults:1)
  A small abomination (Abyss:3)
  An adder (D:7)
  An orc (Vaults:3)
  3 fungi (Lair:6)
  A plant (Swamp:3)
17 creatures vanquished.

Grand Total: 1548 creatures vanquished

Notes
Turn   | Place    | Note
-------+----------+-------------------------------------------
     0 | D:1      | inc the Demonspawn Monk began the quest for the Orb.
     0 | D:1      | Reached XP level 1. HP: 18/18 MP: 1/1
    60 | D:1      | Gained mutation: You are surrounded by a mild repulsion field. (EV +2) [demonic ancestry]
    60 | D:1      | Reached XP level 2. HP: 24/24 MP: 2/2
   534 | D:1      | Gained mutation: You are slightly more attuned to the shadows. [demonic ancestry]
   534 | D:1      | Reached XP level 3. HP: 29/29 MP: 3/3
   636 | D:1      | Reached skill level 1 in Armour
   793 | D:2      | Found a bloodstained altar of Trog.
  1065 | D:2      | Found an iron altar of Okawaru.
  1219 | D:2      | Became a worshipper of Warmaster Okawaru
  1219 | D:2      | Reached * piety under Okawaru
  1219 | D:2      | Reached ** piety under Okawaru
  1795 | D:3      | Gained mutation: You are partially covered in sharp spines. [demonic ancestry]
  1795 | D:3      | Reached XP level 4. HP: 29/35 MP: 2/4
  1912 | D:3      | Noticed a phantom
  1938 | D:3      | Killed a phantom
  1938 | D:3      | Gained mutation: You have large cloven feet. [demonic ancestry]
  1938 | D:3      | Reached XP level 5. HP: 9/41 MP: 2/5
  2245 | D:3      | Reached skill level 5 in Maces & Flails
  2482 | D:3      | Gained mutation: You are significantly more attuned to the shadows. [demonic ancestry]
  2482 | D:3      | Reached XP level 6. HP: 46/47 MP: 6/6
  2821 | D:4      | Found Ykacsa Yxa's Elemental Accessories.
  2927 | D:4      | Reached skill level 1 in Invocations
  2939 | D:4      | Reached *** piety under Okawaru
  3316 | D:4      | Gained mutation: You have hoof-like feet. [demonic ancestry]
  3316 | D:4      | Reached XP level 7. HP: 51/52 MP: 8/8
  3525 | D:5      | Entered Level 5 of the Dungeon
  3959 | D:5      | Found a staircase to the Ecumenical Temple.
  4065 | D:5      | Got an encrusted ring mail
  4076 | D:5      | Identified the +8 ring mail of Somewhere Else {rC+ MP+9 Int-2} (You found it on level 5 of the Dungeon)
  4238 | D:6      | Reached skill level 5 in Invocations
  4563 | D:6      | Reached XP level 8. HP: 58/58 MP: 12/12
  4690 | D:6      | Found a glowing drain.
  4697 | Sewer    | Entered a sewer
  5022 | D:6      | Reached **** piety under Okawaru
  5030 | D:6      | Noticed Menkaure
  5033 | D:6      | Killed Menkaure
  5368 | D:6      | Noticed Prince Ribbit
  5384 | D:6      | Killed Prince Ribbit
  5444 | D:7      | Gained mutation: You are surrounded by a moderate repulsion field. (EV +3) [demonic ancestry]
  5444 | D:7      | Reached XP level 9. HP: 63/63 MP: 13/13
  5481 | D:7      | Reached ***** piety under Okawaru
  5492 | D:7      | Reached skill level 5 in Armour
  5532 | D:7      | Received a gift from Okawaru
  5575 | D:7      | Noticed Pikel
  5586 | D:7      | Killed Pikel
  5812 | D:7      | Noticed Joseph
  6120 | D:7      | Killed Joseph
  6120 | D:7      | Reached skill level 1 in Shields
  6502 | D:8      | Received a gift from Okawaru
  6505 | D:8      | Got a crude dire flail {god gift}
  6512 | D:8      | Identified the +9 dire flail of the Vaults {flame, rPois MR+} (Okawaru gifted it to you on level 8 of the Dungeon)
  6751 | D:8      | Found a roughly hewn altar of Beogh.
  6759 | D:8      | Reached XP level 10. HP: 62/70 MP: 14/14
  6944 | D:8      | Noticed a two-headed ogre
  6951 | D:8      | Reached skill level 10 in Maces & Flails
  6963 | D:8      | Killed a two-headed ogre
  7567 | D:9      | Got a twitching amber ring
  7842 | D:9      | Found Qexaf's Jewellery Boutique.
  7866 | D:9      | Identified the ring of Amninkeo {rN++ Str+5} (You found it on level 9 of the Dungeon)
  7958 | D:9      | Found a staircase to the Lair.
  8033 | D:9      | Received a gift from Okawaru
  8053 | D:9      | Found a sparkling altar of Nemelex Xobeh.
  8150 | D:9      | Noticed a two-headed ogre
  8157 | D:9      | Killed a two-headed ogre
  8368 | D:10     | Entered Level 10 of the Dungeon
  8439 | D:10     | Reached skill level 5 in Dodging
  8567 | D:10     | Reached XP level 11. HP: 75/75 MP: 15/15
  8651 | D:10     | Reached ****** piety under Okawaru
  9542 | D:11     | Found a staircase to the Orcish Mines.
  9933 | D:11     | Received a gift from Okawaru
  9956 | D:11     | Identified a +1 pair of boots of running (Okawaru gifted it to you on level 11 of the Dungeon)
 10025 | D:11     | Reached skill level 5 in Fighting
 10417 | D:12     | Noticed a cyan ugly thing
 10430 | D:12     | Killed a cyan ugly thing
 11370 | D:13     | Found a shimmering altar of Xom.
 11371 | D:13     | Found a shimmering altar of Xom.
 11375 | D:13     | Found a shimmering altar of Xom.
 11423 | D:13     | Noticed Kirke
 11443 | D:13     | Noticed a harpy
 11443 | D:13     | Noticed a harpy
 11714 | D:13     | Found a basalt altar of Yredelemnul.
 11723 | D:13     | Gained mutation: You are surrounded by a strong repulsion field. (EV +4, RMsl) [demonic ancestry]
 11723 | D:13     | Reached XP level 12. HP: 94/94 MP: 16/16
 11942 | D:13     | Noticed Nessos
 11950 | D:13     | Killed Nessos
 12378 | D:13     | Reached skill level 10 in Fighting
 12393 | D:13     | Killed Kirke
 12393 | D:13     | Received a gift from Okawaru
 12538 | D:14     | Noticed an eight-headed hydra
 12544 | D:14     | Killed an eight-headed hydra
 12544 | D:14     | Received a gift from Okawaru
 12547 | D:14     | Found a labyrinth entrance.
 12611 | D:14     | Noticed a five-headed hydra
 12618 | D:14     | Killed a five-headed hydra
 12655 | D:14     | Found a gate to the Vaults.
 12655 | D:14     | Noticed a vault guard
 12655 | D:14     | Noticed a vault guard
 12656 | D:14     | Noticed a vault guard
 12659 | D:14     | Noticed a vault guard
 12669 | D:14     | Killed a vault guard
 12683 | D:14     | Killed a vault guard
 12690 | D:14     | Killed a vault guard
 12694 | D:14     | Reached XP level 13. HP: 75/109 MP: 15/17
 13002 | D:14     | Found Sopetsic's General Store.
 13008 | D:14     | Bought a scroll of blinking for 135 gold pieces
 13152 | D:14     | Received a gift from Okawaru
 13315 | D:15     | Entered Level 15 of the Dungeon
 13389 | D:15     | Noticed a fire dragon
 13389 | D:15     | Noticed a fire dragon
 13402 | D:15     | Killed a fire dragon
 13408 | D:15     | Killed a fire dragon
 13412 | D:15     | Found a staircase to the Depths.
 13931 | D:15     | Noticed Rupert
 13951 | D:15     | Killed Rupert
 13951 | D:15     | Received a gift from Okawaru
 13951 | D:15     | Reached skill level 10 in Armour
 14351 | D:15     | Noticed Urug
 14363 | D:15     | Killed Urug
 14420 | D:15     | Reached skill level 10 in Dodging
 14687 | D:15     | Gained mutation: You are completely attuned to the shadows. [demonic ancestry]
 14687 | D:15     | Reached XP level 14. HP: 116/116 MP: 18/18
 15099 | Orc:1    | Entered Level 1 of the Orcish Mines
 15290 | Orc:2    | Entered Level 2 of the Orcish Mines
 15472 | Orc:1    | Noticed Nergalle
 15481 | Orc:1    | Killed Nergalle
 15819 | Orc:2    | Found a roughly hewn altar of Beogh.
 15844 | Orc:2    | Found Ifeplas's Magic Scroll Boutique.
 15901 | Orc:2    | Found Vyof's General Store.
 15945 | Orc:2    | Received a gift from Okawaru
 15986 | Orc:2    | Got a faintly humming cloak {god gift}
 16149 | Orc:2    | Identified the +0 cloak of Tartarus {rPois rC+ rN+ Str-2} (Okawaru gifted it to you on level 2 of the Orcish Mines)
 16684 | Orc:2    | Found Funo Meh's Antique Armour Emporium.
 16684 | Orc:2    | Found a one-way gate leading to the halls of Pandemonium.
 16684 | Orc:2    | Found Vydun's Gadget Shoppe.
 16967 | Orc:2    | Found a staircase to the Elven Halls.
 17159 | Orc:1    | Noticed Erica
 17163 | Orc:1    | Killed Erica
 17331 | Lair:1   | Entered Level 1 of the Lair of Beasts
 18361 | Lair:2   | Noticed Harold
 18369 | Lair:2   | Killed Harold
 18857 | Lair:2   | Found a staircase to the Swamp.
 18876 | Swamp:1  | Entered Level 1 of the Swamp
 18926 | Swamp:1  | Received a gift from Okawaru
 19435 | Lair:3   | Reached XP level 15. HP: 125/125 MP: 19/19
 20732 | Lair:4   | Found a hole to the Spider Nest.
 21064 | Lair:4   | Identified a scroll of acquirement
 22161 | Lair:6   | Entered Level 6 of the Lair of Beasts
 22311 | Lair:6   | Reached skill level 15 in Fighting
 22397 | Lair:6   | Received a gift from Okawaru
 22500 | Lair:6   | Received a gift from Okawaru
 23083 | Lair:6   | Found a burning altar of Makhleb.
 23309 | Lair:6   | Found a gateway to Hell.
 23323 | Lair:6   | Got a flickering platinum amulet
 23328 | Lair:6   | Identified the amulet "Dizokkin" {Harm *Drain rElec} (You found it on level 6 of the Lair of Beasts)
 24296 | Swamp:1  | Got a warped marble ring
 24298 | Swamp:1  | Identified the ring of Autumn {rElec rF+ Str+4 Stlth-} (You acquired it on level 1 of the Swamp)
 24428 | Swamp:1  | Received a gift from Okawaru
 24778 | Swamp:2  | Noticed Jorgrun
 24823 | Swamp:2  | Killed Jorgrun
 24852 | Swamp:2  | Noticed a thorn hunter
 24873 | Swamp:2  | Killed a thorn hunter
 24978 | Swamp:2  | Reached XP level 16. HP: 137/137 MP: 20/20
 25051 | Swamp:2  | Noticed Donald
 25081 | Swamp:2  | Killed Donald
 25165 | Swamp:2  | Received a gift from Okawaru
 25238 | Swamp:2  | Noticed a thorn hunter
 25258 | Swamp:2  | Killed a thorn hunter
 26225 | Swamp:3  | Received a gift from Okawaru
 26474 | Swamp:3  | Gained mutation: You are dopey. (Int -2) [potion of mutation]
 26474 | Swamp:3  | Gained mutation: You are very dopey. (Int -4) [potion of mutation]
 26474 | Swamp:3  | Gained mutation: Your natural rate of healing is unusually fast. [potion of mutation]
 26475 | Swamp:3  | Lost mutation: Your natural rate of healing is unusually fast. [potion of mutation]
 26475 | Swamp:3  | Lost mutation: You are very dopey. (Int -4) [potion of mutation]
 26475 | Swamp:3  | Lost mutation: You are dopey. (Int -2) [potion of mutation]
 26475 | Swamp:3  | Gained mutation: You evolve. [potion of mutation]
 26475 | Swamp:3  | Gained mutation: Your spells are a little easier to cast, but a little less powerful. [potion of mutation]
 26475 | Swamp:3  | Gained mutation: You have hooves in place of feet. [potion of mutation]
 26566 | Swamp:3  | Noticed a thorn hunter
 26583 | Swamp:3  | Killed a thorn hunter
 26929 | Swamp:4  | Entered Level 4 of the Swamp
 27391 | Swamp:4  | Gained mutation: You have sharp fingernails. [evolution]
 27703 | Swamp:4  | Received a gift from Okawaru
 27807 | Swamp:4  | Noticed the 27-headed Lernaean hydra
 27818 | Swamp:4  | Killed the 27-headed Lernaean hydra
 27818 | Swamp:4  | Received a gift from Okawaru
 27818 | Swamp:4  | Reached skill level 10 in Invocations
 27907 | Swamp:4  | Got a decaying rune of Zot
 28465 | Spider:1 | Entered Level 1 of the Spider Nest
 28481 | Spider:1 | Gained mutation: You are mostly covered in sharp spines. [demonic ancestry]
 28481 | Spider:1 | Reached XP level 17. HP: 135/143 MP: 24/24
 28543 | Spider:1 | Noticed Asterion
 28559 | Spider:1 | Killed Asterion
 28832 | Spider:1 | Noticed Josephine
 28835 | Spider:1 | Killed Josephine
 29184 | Spider:2 | Noticed Roxanne
 29768 | Spider:3 | Received a gift from Okawaru
 30546 | Spider:3 | Reached skill level 15 in Armour
 30669 | Spider:3 | Got a dazzling scale mail
 30680 | Spider:3 | Identified the +1 scale mail of Couholir {Dex+6} (You acquired it on level 3 of the Spider Nest)
 30811 | Spider:4 | Entered Level 4 of the Spider Nest
 31188 | Spider:4 | Received a gift from Okawaru
 31313 | Spider:4 | Reached skill level 15 in Dodging
 31856 | Spider:4 | Received a gift from Okawaru
 31862 | Spider:4 | Got an iridescent dire flail {god gift}
 31868 | Spider:4 | Identified the +12 dire flail "Bag Ech" {flame, rC+} (Okawaru gifted it to you on level 4 of the Spider Nest)
 32220 | Spider:4 | Got a gossamer rune of Zot
 32275 | Spider:4 | Mutation became permanent: You have hoof-like feet. [demonic ancestry]
 32275 | Spider:4 | Gained mutation: You have hooves in place of feet. [demonic ancestry]
 32275 | Spider:4 | Reached XP level 18. HP: 150/151 MP: 25/25
 33110 | Vaults:1 | Entered Level 1 of the Vaults
 33142 | Vaults:1 | Lost mutation: Your spells are a little easier to cast, but a little less powerful. [evolution]
 33355 | Vaults:1 | Received a gift from Okawaru
 33616 | Vaults:1 | Received a gift from Okawaru
 35085 | Vaults:2 | Received a gift from Okawaru
 35183 | Vaults:2 | Noticed a bone dragon
 35212 | Vaults:2 | Killed a bone dragon
 35220 | Vaults:2 | Found a staircase to the Crypt.
 35377 | Vaults:2 | Got a scorched glass ring
 35737 | Vaults:2 | Received a gift from Okawaru
 36106 | Vaults:2 | Gained mutation: Your flesh is cold resistant. (rC+) [demonic ancestry]
 36106 | Vaults:2 | Reached XP level 19. HP: 148/157 MP: 26/26
 36424 | Vaults:3 | Noticed Margery
 36441 | Vaults:3 | Killed Margery
 37155 | Vaults:3 | Found Maasea's General Store.
 37507 | Vaults:3 | Identified the ring "Min Zaonk" {rElec rF+ rN+ Slay-6 Stlth+} (You found it on level 2 of the Vaults)
 37572 | Vaults:3 | Found Wighab's Antique Weapon Shoppe.
 38109 | Vaults:4 | Found a magical portal.
 38154 | Vaults:4 | Noticed Aizul
 38155 | WizLab   | Entered Cigotuvi's Fleshworks
 38342 | WizLab   | Paralysed by a floating eye for 3 turns
 38352 | WizLab   | Paralysed by a floating eye for 2 turns
 38391 | WizLab   | Got a transparent amber ring
 38395 | WizLab   | Identified the ring of Wikloac {rC+ MR+ MP+9 Str+2 Int+4} (You found it in a wizard's laboratory)
 38405 | WizLab   | Paralysed by a floating eye for 3 turns
 38413 | WizLab   | Paralysed by a floating eye for 2 turns
 38667 | WizLab   | Gained mutation: You are frail. (-10% HP) [mutagenic glow]
 38775 | WizLab   | Received a gift from Okawaru
 38786 | WizLab   | Identified Cigotuvi's Volume of Dark Transmigration
 38997 | Vaults:4 | Killed Aizul
 39131 | Vaults:4 | Reached XP level 20. HP: 150/150 MP: 27/27
 39956 | Vaults:4 | Found Pommeze's Armour Boutique.
 40632 | Vaults:5 | Entered Level 5 of the Vaults
 40855 | Vaults:4 | Received a gift from Okawaru
 41037 | Vaults:4 | Gained mutation: Your muscles are strong. (Str +2) [evolution]
 41037 | Vaults:4 | Lost mutation: You evolve. [end of evolution]
 41172 | Vaults:4 | Reached skill level 5 in Shields
 41190 | Vaults:4 | Got an ichor-stained helmet {god gift}
 41201 | Vaults:4 | Identified the +0 helmet "Fyobb" {*Corrode rF+ Str+4} (Okawaru gifted it to you on level 4 of the Vaults)
 41991 | Vaults:5 | Cast into level 3 of the Abyss (vault warden)
 42214 | Abyss:3  | Gained mutation: You evolve. [a neqoxec]
 42215 | Abyss:3  | Gained mutation: You occasionally shout uncontrollably at your foes. [a neqoxec]
 42368 | Vaults:5 | Escaped the Abyss
 42386 | Vaults:5 | HP: 7/151 [deep troll earth mage[an ironheart preserver] (7)]
 42591 | Vaults:5 | Noticed a golden dragon
 42603 | Vaults:5 | Killed a golden dragon
 42603 | Vaults:5 | Received a gift from Okawaru
 42603 | Vaults:5 | Reached skill level 10 in Shields
 42795 | Vaults:5 | Gained mutation: You are completely covered in sharp spines. [demonic ancestry]
 42795 | Vaults:5 | Reached XP level 21. HP: 143/156 MP: 28/28
 42933 | Vaults:5 | HP: 7/158 [???[a deep elf demonologist] (3)]
 42987 | Vaults:5 | Received a gift from Okawaru
 43011 | Vaults:5 | HP: 4/160 [iron dragon (11)]
 43011 | Vaults:5 | Annihilated by a fire giant

Skill      XL: |  1  2  3  4  5  6  7  8  9 10 11 12 13 14 15 16 17 18 19 20 21 |
---------------+----------------------------------------------------------------+-----
Dodging        | 3 5 6 10 11 12 13 15 16 17 18 | 18.1
Armour         | 2 4 6 7 8 10 12 14 15 17 18 | 18.5
Maces & Flails | 4 5 6 7 8 9 11 12 | 12.7
Invocations    | 2 5 6 10 | 10.2
Shields        | 3 4 10 11 | 11.0
Fighting       | 8 12 13 15 16 17 18 | 18.5
Stealth        | |  1.7

Action                   |  1- 3 |  4- 6 |  7- 9 | 10-12 | 13-15 | 16-18 | 19-21 || total
-------------------------+-------+-------+-------+-------+-------+-------+-------++-------
Melee: Mace              |   169 |   110 |    78 |       |       |       |       ||   357
       Kick              |       |    24 |    60 |       |       |   794 |   829 ||  1707
       Morningstar       |       |       |   182 |       |       |       |       ||   182
       Punch             |       |       |     1 |       |     4 |     1 |       ||     6
       Dire flail        |       |       |    25 |   512 |   759 |       |       ||  1296
       Unarmed           |       |       |       |     1 |       |       |       ||     1
       Demon whip        |       |       |       |       |   609 |  2024 |  1645 ||  4278
Invok: Heroism           |       |     1 |     3 |     6 |     8 |     9 |    12 ||    39
       Finesse           |       |       |       |     1 |     5 |     4 |     9 ||    19
  Use: Scroll            |     4 |       |     6 |     6 |    13 |     5 |    23 ||    57
       Potion            |       |     1 |     1 |     2 |       |     4 |     8 ||    16
 Stab: Sleeping          |    11 |     4 |    17 |    24 |    48 |    16 |     9 ||   129
       Distracted        |       |       |       |     2 |     5 |     7 |     3 ||    17
  Eat: Chunk             |     2 |     5 |     9 |    18 |    21 |    28 |    10 ||    93
       Ration            |       |       |     1 |       |     6 |     4 |     5 ||    16
Armor: Ring mail         |    59 |    16 |    97 |   113 |   301 |   546 |   246 ||  1378
Dodge: Dodged            |   145 |    67 |   168 |   304 |  1010 |  1859 |  1028 ||  4581
       Deflected         |       |       |       |     1 |    15 |    22 |    44 ||    82
Block: Buckler           |       |       |     7 |       |    19 |   351 |   314 ||   691
